 Dungeon Crawl Stone Soup version 0.16-a0-1183-g5b05a17 (webtiles) character file.

19639 RobertPalmer the Nimble (level 12, -2/70 HPs)
             Began as an Octopode Gladiator on Oct 9, 2014.
             Slain by a seven-headed hydra (17 damage)
             ... on level 1 of the Lair of Beasts on Oct 10, 2014.
             The game lasted 00:53:27 (15072 turns).

RobertPalmer the Nimble (Octopode Gladiator)       Turns: 15072, Time: 00:53:27

Health: -2/70      AC:  8    Str: 15    XL:     12   Next: 71%
Magic:  25/25      EV: 20    Int: 14    God:
Gold:   684        SH:  5    Dex: 13    Spells: 0 memorised, 11 levels left

rFire  + . .     SeeInvis +     a - +6 trident (protect)
rCold  . . .     Clarity  .     y - +1 buckler
rNeg   . . .     SustAb   .     c - +2 hat
rPois  .         Gourm    .     p - amulet of regeneration
rElec  .         Spirit   .     z - ring of protection from magic
rCorr  .         Warding  .     G - +1 ring of evasion
rMut   .         Stasis   .     U - ring of see invisible
MR     +....                    M - ring of protection from cold
Stlth  ++........               E - ring of fire
                                (no ring)
                                (no ring)
                                (no ring)

@: about to teleport, somewhat resistant to hostile enchantments, unstealthy
A: almost no armour, amphibious, 8 rings, constrict 8, camouflage 1, gelatinous
body 1
a: no special abilities


You were on level 1 of the Lair of Beasts.
You were very hungry.

You visited 2 branches of the dungeon, and saw 13 of its levels.
You also visited: Sewer.

You collected 796 gold pieces.
You spent 112 gold pieces at shops.


Innate Abilities, Weirdness & Mutations

You cannot wear most types of armour.
You are amphibious.
You can wear up to eight rings at the same time.
You can use your tentacles to constrict many enemies at once.
Your skin changes colour to match your surroundings (Stealth).
Your rubbery body absorbs attacks (AC +1).


   Skills:
 - Level 2.0 Fighting
 + Level 5.8 Maces & Flails
 - Level 12.4 Polearms
 - Level 2.0 Throwing
 - Level 13.1 Dodging
 - Level 1.0 Shields
 - Level 10.0 Evocations


You had 11 spell levels left.
You didn't know any spells.

Inventory:

Hand weapons
 a - a +6 trident of protection (weapon)
 b - a +0 blowgun
Missiles
 N - 5 curare-tipped needles
 T - a throwing net (quivered)
 Y - 6 poisoned needles
Armour
 c - a +2 hat (worn)
 y - a +1 buckler (worn)
Magical devices
 i - a wand of confusion (0)
 r - a wand of confusion (0)
 w - a wand of flame (20)
 J - a wand of disintegration (2)
 R - a wand of enslavement (8)
 S - a wand of frost (19)
Comestibles
 f - 9 bread rations
 k - 6 beef jerkies
 t - 2 meat rations
 L - 8 slices of pizza
 Q - 2 fruits
 V - 2 royal jellies
Scrolls
 j - 2 scrolls of magic mapping
 n - a scroll of immolation {!r}
 u - 9 scrolls of remove curse
 H - a scroll of amnesia
 I - 4 scrolls of fog
 Z - a scroll of identify
Jewellery
 p - an amulet of regeneration (around mantle)
 z - a ring of protection from magic (left tentacle)
 B - a cursed amulet of guardian spirit
 E - a ring of fire (on tentacle)
 G - a +1 ring of evasion (right tentacle)
 M - a ring of protection from cold (on tentacle)
 U - a ring of see invisible (on tentacle)
Potions
 d - a potion of restore abilities {unknown}
 e - a potion of agility
 h - a potion of haste {unknown}
 l - 6 potions of might
 m - a potion of cure mutation {unknown}
 o - 5 potions of brilliance
 q - a potion of mutation {unknown}
 s - a potion of cancellation {unknown}
 v - a potion of lignification {unknown}
 A - 2 potions of poison {unknown}
 C - a potion of resistance {unknown}
 F - 3 potions of curing
 K - a potion of berserk rage {unknown}
 O - a potion of heal wounds
Books
 g - a book of Transfigurations
Rods
 P - a +2 rod of striking (14/14)
   (You found it on level 8 of the Dungeon)

Dungeon Overview and Level Annotations

Branches:
Dungeon (9/15)             Temple (0/1) D:5             Orc (0/4) D:9
   Lair (4/8) D:9           Swamp (0/5) Lair:4
  Snake: Lair:3-6    Spider: Lair:3-6

Altars:
Ashenzari
Cheibriados
Fedhas
Kikubaaqudgha
Makhleb
Nemelex Xobeh
Trog
Xom
The Shining One

Shops:
D:6 * D:9

* #######.###.######
###.#..........#.#.####
#...##.##......#.....P####
.........................##
.........................P##
...........................#
...........................####
...............l...........##.#
...>.........H.D@......(...#..#
.........##....#.P#...o.......##
......##########.###.Y.|<......#
.....## ####............##
..#### ####.........P# .#.#
#........... ..### #...........
....#### ##.......... .#P....#
##P........


You could see a death yak (wandering), a seven-headed hydra, a komodo dragon, a
hippogriff and an orc warrior.


Message History

A hippogriff comes into view.
The hippogriff screeches!
You are feeling very hungry.
The seven-headed hydra bites you!
The seven-headed hydra completely misses you.
The seven-headed hydra bites you! x2
You block the seven-headed hydra's attack.
The seven-headed hydra bites you!
* * * LOW HITPOINT WARNING * * *
The seven-headed hydra closely misses you.
The komodo dragon bites you!
* * * LOW HITPOINT WARNING * * *
Read which item? (? for menu, Esc to quit)
Okay, then.
Drink which item? (? for menu, Esc to quit)
You feel much better. The komodo dragon bites you!!
* * * LOW HITPOINT WARNING * * *
An orc warrior comes into view. It is wielding a runed dire flail.
The orc warrior shouts!
Read which item? (? for menu, Esc to quit)
Okay, then.
Drink which item? (? for menu, Esc to quit)
Okay, then.
Read which item? (? for menu, Esc to quit)
As you read the scroll of teleportation, it crumbles to dust.
You feel strangely unstable. The komodo dragon closely misses you.
The seven-headed hydra bites you!
* * * LOW HITPOINT WARNING * * *
The seven-headed hydra misses you. The seven-headed hydra bites you!
You die...

Action                   |  1- 3 |  4- 6 |  7- 9 | 10-12 || total
-------------------------+-------+-------+-------+-------++-------
Melee: Trident           |    71 |    77 |   341 |   855 ||  1344
       Short sword       |       |    47 |       |       ||    47
 Fire: Blowgun           |       |       |       |    66 ||    66
Throw: Throwing net      |     1 |     2 |     4 |     1 ||     8
Evoke: Wand              |       |       |       |    21 ||    21
  Use: Scroll            |       |     4 |    17 |    20 ||    41
       Potion            |       |       |       |    10 ||    10
 Stab: Sleeping          |     5 |     7 |     8 |    16 ||    36
       Distracted        |       |     2 |     1 |     1 ||     4
       Held in net/web   |       |     2 |     2 |     1 ||     5
       Confused          |       |       |       |     3 ||     3
  Eat: Chunk             |     1 |     5 |     4 |    31 ||    41
       Bread ration      |       |       |     1 |       ||     1
       Meat ration       |       |       |     1 |     1 ||     2

Vault maps used:
D:1:      minmay_arrival_floating_metal, minmay_box_of_dots
D:2:      grunt_temple_overflow_open
D:3:      lemuel_round_altar, serial_glass, glass_columns_c, glass_columns_b,
          nemelex_diamond_rough_becter
D:4:      first_bread, xom_confusion_cloud, uniq_natasha, uniq_grinder,
          uniq_pikel, uniq_menkaure
D:5:      minmay_temple_entry_junction, portal_sewer_entry_c
D:6:      serial_shops, shop_statue, chei_beetle_safe_becter
D:7:      trog_ov_bears_minmay, grunt_ministairs_7, grunt_livestock,
          minivault_23
D:9:      grunt_temple_overflow_growth_and_decay, orc_0_dummy, erik_lair_dragon,
          serial_shops, shop, uniq_blork_the_orc
Lair:1:   grunt_forest_small_clearing_treed, serial_bayou_shore_b,
          grunt_megastairs_1
Lair:4:   nicolae_swamp_entry_splash_gauntlet, beast_lair_carwin_5,
          serial_bayou_shore_b
Sewer:    kennysheep_pipe_town

Notes
Turn   | Place    | Note
--------------------------------------------------------------
     0 | D:1      | RobertPalmer, the Octopode Gladiator, began the quest for the Orb.
     0 | D:1      | Reached XP level 1. HP: 14/14 MP: 1/1
   203 | D:1      | Reached XP level 2. HP: 16/19 MP: 2/2
   583 | D:1      | Reached skill level 4 in Polearms
   813 | D:2      | Reached XP level 3. HP: 24/24 MP: 3/3
  1202 | D:2      | Reached XP level 4. HP: 21/29 MP: 4/4
  1557 | D:2      | Found a sparkling altar of Nemelex Xobeh.
  1558 | D:2      | Found a burning altar of Makhleb.
  1558 | D:2      | Found a shattered altar of Ashenzari.
  1600 | D:2      | Reached skill level 5 in Polearms
  2462 | D:3      | Found a glowing golden altar of the Shining One.
  2581 | D:3      | Reached XP level 5. HP: 34/34 MP: 5/5
  2873 | D:3      | Found a sparkling altar of Nemelex Xobeh.
  2923 | D:3      | Reached skill level 6 in Polearms
  2998 | D:4      | Noticed Natasha
  3001 | D:4      | Noticed an ogre
  3007 | D:4      | Killed Natasha
  3034 | D:4      | Killed an ogre
  3034 | D:4      | Reached XP level 6. HP: 39/39 MP: 6/6
  3042 | D:4      | Noticed rrentacletape's ghost (average OpTm)
  3064 | D:4      | Killed rrentacletape's ghost
  3064 | D:4      | Reached skill level 7 in Polearms
  3064 | D:4      | Reached XP level 7. HP: 35/45 MP: 7/7
  3105 | D:4      | Noticed Menkaure
  3116 | D:4      | Killed Menkaure
  3116 | D:4      | Reached skill level 8 in Polearms
  3229 | D:4      | Noticed Natasha
  3239 | D:4      | Killed Natasha
  3338 | D:4      | Noticed Natasha
  3342 | D:4      | Killed Natasha
  3388 | D:4      | Noticed Grinder
  3401 | D:4      | Killed Grinder
  3401 | D:4      | Reached skill level 9 in Polearms
  3401 | D:4      | Reached XP level 8. HP: 50/50 MP: 8/8
  3600 | D:4      | Noticed a slave
  3746 | D:4      | Noticed Pikel
  3746 | D:4      | Noticed a slave
  3747 | D:4      | Noticed a slave
  3785 | D:4      | Noticed a slave
  3790 | D:4      | Killed Pikel
  3790 | D:4      | Reached skill level 10 in Polearms
  3852 | D:4      | Found a shimmering altar of Xom.
  4028 | D:4      | Noticed an ogre
  4038 | D:4      | Killed an ogre
  4038 | D:4      | Reached skill level 11 in Polearms
  4122 | D:5      | Entered Level 5 of the Dungeon
  4262 | D:4      | Killed a freed slave
  4289 | D:5      | Found a staircase to the Ecumenical Temple.
  4357 | D:5      | Reached XP level 9. HP: 54/54 MP: 9/9
  4499 | D:5      | Found a glowing drain.
  4542 | Sewer    | Entered a sewer
  4792 | Sewer    | Reached skill level 12 in Polearms
  5313 | D:6      | Found Twofieze's General Store.
  5363 | D:6      | Reached skill level 4 in Dodging
  5619 | D:6      | Reached skill level 5 in Dodging
  5838 | D:6      | Found a snail-covered altar of Cheibriados.
  6028 | D:7      | Reached skill level 1 in Shields
  6144 | D:7      | Reached skill level 6 in Dodging
  6223 | D:7      | Found a bloodstained altar of Trog.
  6229 | D:7      | Reached XP level 10. HP: 60/60 MP: 10/10
  6247 | D:7      | Reached skill level 7 in Dodging
  6732 | D:7      | Reached skill level 8 in Dodging
  7520 | D:8      | Identified a -1 rod of striking (12/12) (You found it on level 8 of the Dungeon)
  7573 | D:8      | Reached skill level 9 in Dodging
  8550 | D:9      | Reached skill level 10 in Dodging
  8669 | D:9      | Found a staircase to the Orcish Mines.
  8703 | D:9      | Noticed Blork the orc
  8707 | D:9      | Killed Blork the orc
  8886 | D:9      | Found Ema Chu's Assorted Antiques.
  8892 | D:9      | Found an ancient bone altar of Kikubaaqudgha.
  8892 | D:9      | Found a blossoming altar of Fedhas.
  8935 | D:9      | Bought an onyx ring for 80 gold pieces
  8935 | D:9      | Bought a scroll of identify for 32 gold pieces
  9160 | D:9      | Noticed a manticore
  9160 | D:9      | a deep elf mage changed into a manticore
  9273 | D:9      | Killed a manticore
  9273 | D:9      | Reached skill level 11 in Dodging
  9273 | D:9      | Reached XP level 11. HP: 40/64 MP: 11/11
  9323 | D:9      | Upgraded the game from 0.16-a0-1167-g3157814 to 0.16-a0-1183-g5b05a17
 10331 | D:9      | Found a staircase to the Lair.
 10400 | Lair:1   | Entered Level 1 of the Lair of Beasts
 10429 | Lair:1   | Reached skill level 12 in Dodging
 10574 | Lair:1   | Noticed a seven-headed hydra
 10590 | Lair:1   | HP: 6/64 [poisoned by a black mamba]
 11193 | Lair:1   | Reached skill level 13 in Dodging
 11645 | Lair:2   | Reached skill level 1 in Evocations
 11666 | Lair:2   | Reached skill level 2 in Evocations
 11706 | Lair:2   | Reached skill level 3 in Evocations
 11819 | Lair:2   | Reached skill level 4 in Evocations
 11829 | Lair:2   | Reached skill level 5 in Evocations
 11929 | Lair:2   | Reached skill level 6 in Evocations
 12223 | Lair:2   | Reached XP level 12. HP: 70/70 MP: 20/22
 12401 | Lair:3   | Reached skill level 7 in Evocations
 12667 | Lair:3   | Reached skill level 8 in Evocations
 12772 | Lair:3   | Noticed a six-headed hydra
 13013 | Lair:3   | Reached skill level 9 in Evocations
 13225 | Lair:3   | Killed a six-headed hydra
 13531 | Lair:3   | Reached skill level 10 in Evocations
 13570 | Lair:3   | Reached skill level 1 in Maces & Flails
 13675 | Lair:2   | Reached skill level 2 in Maces & Flails
 13804 | Lair:3   | Reached skill level 3 in Maces & Flails
 14021 | Lair:4   | Noticed a death yak
 14023 | Lair:4   | Noticed a death yak
 14201 | Lair:4   | Reached skill level 4 in Maces & Flails
 14431 | Lair:4   | Reached skill level 5 in Maces & Flails
 14479 | Lair:4   | Found a staircase to the Swamp.
 14788 | Lair:4   | Noticed a death yak
 14794 | Lair:4   | Noticed a death yak
 15072 | Lair:1   | Slain by a seven-headed hydra

Vanquished Creatures
  A hydra (Lair:3)
  Pikel (D:4)
  A manticore (D:9)
  4 elephants
  3 black mambas
  5 komodo dragons
  6 spiny frogs
  Grinder (D:4)
  5 blink frogs (Lair:1)
  A two-headed ogre (D:7)
  The ghost of rrentacletape the Insei, an average OpTm of Ru (D:4)
  A basilisk (Lair:4)
  A hog (D:7)
  7 hippogriffs
  A deep elf mage (D:9)
  A hungry ghost (D:8)
  7 yaks (Lair:3)
  A human (D:7)
  A mottled dragon (D:9)
  Menkaure (D:4)
  8 porcupines
  5 water moccasins
  4 swamp worms (Lair:4)
  12 wolves
  A necrophage (D:9)
  3 orc warriors
  5 sky beasts
  3 ice beasts
  2 black bears (D:7)
  4 ogres
  9 crocodiles
  2 phantoms
  4 centaurs
  6 big kobolds
  Blork the orc (D:9)
  A cyclops zombie (D:8)
  6 giant frogs
  A scorpion (D:9)
  An electric eel (Lair:4)
  3 wights (D:8)
  5 goliath beetles
  6 hounds
  3 orc priests
  A quasit (D:8)
  A soldier ant zombie (D:9)
  3 crimson imps
  3 jellies
  5 iguanas
  Natasha (thrice) (D:4)
  5 worker ants
  8 orc wizards
  3 sheep (D:7)
  A sky beast zombie (D:6)
  An ogre skeleton (D:4)
  A worker ant zombie (D:7)
  4 gnolls (D:4)
  26 green rats
  An orc zombie (D:9)
  A scorpion zombie (D:5)
  14 adders
  2 shadow imps
  4 giant mites
  3 worms (D:2)
  An iguana skeleton (D:6)
  5 giant geckos
  An ooze (Sewer)
  33 orcs
  2 bat zombies (D:6)
  4 giant cockroaches
  A gnoll zombie (D:8)
  21 goblins
  20 hobgoblins
  12 jackals
  12 quokkas
  4 ball pythons
  17 bats
  8 giant newts
  A hobgoblin skeleton (D:7)
  34 kobolds
  24 rats
435 creatures vanquished.

Vanquished Creatures (others)
  A slave (D:4)
  3 worker ants (D:4)
  An adder (D:4)
  2 kobolds (D:4)
  A rat (D:4)
  A fungus (Lair:2)
  2 plants
11 creatures vanquished.

Grand Total: 446 creatures vanquished
